Map: King's Cove LE

Players

soO

  • Race: Zerg Zerg
  • Spawn Location: 5:00

herO - Winner!

  • Race: Protoss Protoss
  • Spawn Location: 11:00

Event: IEM Season 13: Katowice (2019)

VOD

Have the link to the VOD?

Description

Time

  • Played on: March 3, 2019, 4:29 a.m.
  • Length: 9:43

All games in this series

Show
View Real Time Build Order
Export as new Build Order

soO Zerg 

Build Orders: Hatch First, Roach Hydra 

Get SALT Encoding   

  12  0:00  Drone  
  13  0:12  Overlord  
  13  0:17  Drone  
  14  0:30  Drone x2  
  16  0:49  Hatchery  
  15  0:52  Drone  
  15  0:55  Drone  
  17  0:58  Drone  
  18  1:09  Extractor  
  17  1:16  Spawning Pool  
  17  1:18  Drone  
  17  1:21  Drone  
  18  1:27  Drone  
  19  1:38  Drone  
  20  1:50  Hatchery  
  20  1:52  Drone  
  20  2:01  Drone  
  21  2:06  Queen  
  23  2:15  Drone x2  
  25  2:22  Overlord  
  25  2:30  Queen  
  25  2:34  Metabolic Boost  
  27  2:38  Drone  
  27  2:41  Zergling x2  
  27  2:43  Zergling x2  
  30  2:50  Queen  
  32  2:52  Zergling x2  
  32  2:57  Drone x2  
  35  3:03  Queen  
  37  3:06  Drone  
  37  3:10  Drone  
  39  3:14  Overlord  
  39  3:16  Drone  
  39  3:19  Drone  
  41  3:26  Overlord, Drone  
  42  3:30  Overlord  
  42  3:32  Drone x2  
  44  3:39  Drone x3  
  47  3:43  Overlord  
  47  3:47  Queen  
  49  3:52  Drone  
  49  3:53  Drone x2  
  52  4:01  Zergling x2  
  52  4:02  Zergling x4  
  55  4:08  Roach Warren  
  54  4:10  Drone x5  
  54  4:15  Zergling x6  
  61  4:18  Overlord  
  61  4:32  Extractor x2  
  61  4:37  Zergling x6  
  62  4:45  Drone  
  62  4:46  Drone x3  
  62  4:48  Overlord  
  65  4:59  Lair  
  64  5:04  Drone x3  
  67  5:08  Roach x7  
  67  5:14  Overlord x2  
  80  5:22  Drone x2  
  80  5:27  Overlord  
  81  5:32  Overlord  
  80  5:38  Roach x7  
  94  5:51  Drone x5  
  94  5:52  Drone  
  100  6:01  Drone x2  
  102  6:05  Extractor x2  
  102  6:06  Overlord  
  102  6:08  Glial Reconstitution  
  102  6:09  Hydralisk Den  
  99  6:14  Overseer, Overlord  
  99  6:23  Overlord  
  98  6:26  Evolution Chamber  
  97  6:33  Drone  
  97  6:34  Drone x3  
  101  6:40  Grooved Spines  
  101  6:42  Hydralisk x5  
  101  6:44  Hydralisk  
  112  6:50  Drone x4, Hatchery  
  112  6:51  Overlord  
  112  6:52  Zerg Missile Weapons Level 1  
  115  6:56  Overlord  
  115  6:57  Hydralisk  
  117  7:02  Hydralisk  
  117  7:04  Hydralisk  
  117  7:06  Overlord  
  121  7:08  Overlord  
  121  7:13  Hydralisk x2  
  125  7:17  Drone x3  
  127  7:28  Extractor  
  127  7:29  Spire  
  125  7:35  Drone x4  
  129  7:40  Zergling x4  
  129  7:41  Zergling x12  
  137  7:51  Muscular Augments  
  137  7:54  Drone x2  
  137  7:55  Drone x5  
  137  7:56  Overlord  
  144  8:04  Drone x3  
  147  8:05  Overlord  
  145  8:14  Hydralisk x2  
  145  8:15  Roach x3  
  145  8:18  Hydralisk  
  155  8:22  Roach x7  
  155  8:26  Roach  
  171  8:29  Roach  
  173  8:35  Roach x3  
  173  8:37  Ravager x2  
  173  8:38  Roach x3  
  186  8:42  Roach x2  
  186  8:43  Ravager  
  190  8:49  Overlord  
  162  8:57  Roach x2, Zergling x18  
  162  8:58  Roach x2  
  154  9:08  Hydralisk x2  
  154  9:09  Hydralisk x3  
  125  9:10  Hydralisk  
  125  9:13  Roach  
  125  9:16  Roach x3  
  119  9:19  Roach  
  119  9:22  Roach x2  
  119  9:23  Roach  
Show
View Real Time Build Order
Export as new Build Order

herO Protoss - Winner!

Build Orders: 1 Gate Expand, Archon Immortal 

Get SALT Encoding   

  12  0:00  Probe  
  13  0:12  Probe  
  14  0:18  Pylon  
  14  0:24  Probe  
  15  0:32  Probe  
  15  0:40  Probe  
  15  0:42  Gateway  
  16  0:48  Assimilator  
  17  0:51  Probe  
  18  1:03  Probe  
  19  1:15  Probe  
  20  1:27  Nexus  
  20  1:38  Cybernetics Core  
  20  1:41  Probe  
  21  1:49  Assimilator  
  21  1:53  Probe  
  22  1:57  Pylon  
  22  2:05  Adept, Probe  
  25  2:17  Probe  
  25  2:22  Robotics Facility  
  26  2:26  Stalker  
  26  2:27  Warp Gate  
  26  2:29  Probe  
  27  2:36  Probe  
  29  2:43  Probe  
  29  2:44  Probe  
  32  2:54  Probe  
  32  2:55  Adept  
  32  2:57  Probe  
  36  3:03  Warp Prism  
  36  3:06  Probe  
  36  3:09  Probe  
  38  3:18  Probe  
  41  3:21  Probe  
  41  3:23  Pylon  
  42  3:28  Gateway  
  42  3:32  Probe  
  42  3:33  Probe  
  44  3:39  Forge  
  44  3:40  Observer  
  45  3:44  Probe  
  45  3:45  Probe  
  47  3:54  Assimilator  
  47  3:55  Protoss Ground Weapons Level 1, Pylon  
  47  3:56  Assimilator  
  47  3:57  Immortal, Probe x2  
  49  4:09  Probe  
  54  4:13  Probe  
  55  4:17  Sentry  
  55  4:21  Probe  
  58  4:25  Probe  
  58  4:28  Sentry  
  58  4:31  Pylon  
  61  4:33  Pylon  
  61  4:38  Twilight Council, Probe  
  62  4:39  Immortal  
  62  4:52  Gateway  
  66  4:56  Sentry x2  
  70  5:12  Gateway  
  70  5:13  Gateway, Phoenix  
  70  5:18  Immortal  
  74  5:26  Pylon, Charge  
  74  5:31  Nexus  
  74  5:33  Protoss Ground Weapons Level 2  
  74  5:35  Pylon  
  74  5:43  Templar Archives  
  74  5:49  Gateway  
  74  5:51  Gateway  
  74  5:59  Immortal  
  78  6:04  Phoenix  
  78  6:13  Shield Battery  
  78  6:14  Pylon  
  78  6:18  Sentry, Zealot x2  
  84  6:37  Immortal  
  88  6:41  Assimilator  
  88  6:43  Gateway  
  88  6:44  Assimilator  
  88  6:47  Probe x3  
  88  6:51  High Templar x2  
  95  6:59  Probe x3  
  98  7:07  Immortal  
  98  7:11  Probe x3  
  98  7:12  Phoenix x2  
  101  7:15  Psionic Storm  
  101  7:17  Pylon  
  101  7:19  Pylon  
  105  7:23  Probe x3  
  105  7:24  High Templar x2  
  105  7:25  Zealot  
  114  7:37  Protoss Ground Armor Level 1  
  114  7:46  Immortal  
  114  7:50  Photon Cannon  
  114  7:51  Zealot  
  120  7:52  Zealot  
  122  8:04  High Templar x2  
  122  8:05  Zealot x3  
  132  8:09  Pylon, Archon  
  132  8:10  Pylon  
  132  8:22  Pylon  
  132  8:28  High Templar x2  
  132  8:29  Zealot x4  
  132  8:33  Archon  
  144  8:37  Zealot x2  
  144  8:39  Zealot x2  
  128  8:58  Archon  
  128  9:00  Zealot x6, Archon  
  128  9:02  Immortal  
  94  9:19  Zealot x2  
  94  9:20  Zealot x6  
  106  9:41  High Templar x2  

Tags
 
Add a new tag
Caveats
  • Supply blocks, unpowered buildings, or Contaminate may cause inaccurate times.
  • Supply counts are checked every 10 seconds.